 Dungeon Crawl Stone Soup version 0.18-a0-917-g8a3da5b (webtiles) character file.

39 Gorice the Sneak (level 3, -3/16 HPs)
             Began as a Felid Wanderer on Dec 26, 2015.
             Slain by an adder (4 damage)
             ... on level 2 of the Dungeon.
             The game lasted 00:03:37 (1179 turns).

Gorice the Sneak (Felid Wanderer)                   Turns: 1179, Time: 00:03:37

Health: -3/16      AC:  1    Str: 10    XL:     3   Next: 28%
Magic:  4/4        EV: 17    Int: 12    God:
Gold:   19         SH:  0    Dex: 15    Spells: 0 memorised, 2 levels left
                                        Lives:  0   Deaths: 0

rFire  . . .     SeeInvis +       - Unarmed
rCold  . . .     Gourm    .     (armour unavailable)
rNeg   . . .     Faith    .     (shield unavailable)
rPois  .         Spirit   .     (helmet unavailable)
rElec  .         Dismiss  .     (cloak unavailable)
rCorr  .         Reflect  .     (gloves unavailable)
SustAt .         Harm     .     (boots unavailable)
MR     .....                    (no amulet)
Stlth  +++.......               (no ring)
                                (no ring)

@: lethally poisoned (-3 -> -12), quick, not resistant to hostile enchantments,
fairly stealthy
A: no armour, no weapons or thrown items, claws 1, fangs 3, see invisible,
carnivore 3, speed 1, shaggy fur 1, slow metabolism 1, sharp paws
a: no special abilities


You were on level 2 of the Dungeon.
You were completely stuffed.

You visited 1 branch of the dungeon, and saw 2 of its levels.

You collected 19 gold pieces.

Inventory:

Jewellery
 Y - an uncursed amulet of faith {!P}
Scrolls
 d - a scroll of identify {unknown}
 i - a scroll of remove curse
Potions
 a - a potion of haste {!q}
 b - 3 potions of curing
 e - a potion of poison {unknown}
 f - a potion of might {unknown}
 g - a potion of invisibility {unknown}
 j - a potion of heal wounds {unknown}
Comestibles
 c - a meat ration {!e}


   Skills:
 + Level 2.4 Fighting
 + Level 2.1 Dodging
 + Level 3.2 Stealth
 * Level 2.9 Unarmed Combat
   Level 2.4 Charms
   Level 1.0 Earth Magic


You had 2 spell levels left.
You didn't know any spells.

Dungeon Overview and Level Annotations

Branches:
Dungeon (2/15)

Altars:
Okawaru


Innate Abilities, Weirdness & Mutations

You cannot wear armour.
You are incapable of wielding weapons or throwing items.
You have sharp claws.
You have razor-sharp teeth.
You have supernaturally acute eyesight.
You are carnivorous and can eat meat at any time.
You cover ground quickly.
You are covered in fur (AC +1).
You have a slow metabolism.
Your sharp claws are effective at attacking unaware monsters.


Message History

A giant newt and a rat come into view.
Found five items.
There is a stone staircase leading up here.
Things that are here:
a scroll labeled SAYDGH KEUPYAF; a robe The helpless rat fails to defend itself.
You claw the rat!
You kill the rat!
You see here a rat corpse.
You pounce on the unaware helpless giant newt!
You mangle the giant newt!!
You kill the giant newt!
No target in view!
No target in view!
d - a scroll labeled SAYDGH KEUPYAF You see here a robe.
e - a fuming coppery potion An adder comes into view.
Found a meat ration.
The adder barely misses you.
You scratch the adder.
The adder is lightly wounded.
The adder bites you.
Damage: 5 (max 5)
You closely miss the adder.
The adder is lightly wounded.
The adder completely misses you.
You miss the adder.
The adder is lightly wounded.
The adder misses you. The adder completely misses you.
You closely miss the adder. Your bite misses the adder.
The adder is lightly wounded.
The adder bites you.
* * * LOW HITPOINT WARNING * * *
Damage: 3 (max 5)
You are too injured to fight recklessly!
You are too injured to fight recklessly!
You are too injured to fight recklessly!
You closely miss the adder.
The adder is lightly wounded.
The adder bites you.
* * * LOW HITPOINT WARNING * * *
You are lethally poisoned!
The adder poisons you!
Damage: 1 (max 5)
You claw the adder! You bite the adder, but do no damage.
The adder is severely wounded.
* * * LOW HITPOINT WARNING * * *
You feel sick. The adder bites you.
You die...

## ###. #...####
##.##...####
#######..##.....%.
#.........#....#
#.(............#
#.....<...#@..##
#.........#.S.#
#.........#...#
#.....[.[.#####
#......†[.#
#.........#
#.........#
#.........#
###########


You could see an adder.

Vanquished Creatures
  A gnoll (D:1)
  2 oozes (D:1)
  A giant gecko (D:1)
  A ball python (D:1)
  A bat (D:1)
  2 giant cockroaches (D:1)
  A hobgoblin (D:1)
  3 kobolds (D:1)
  3 giant newts
  2 goblins (D:1)
  4 rats
21 creatures vanquished.

Notes
Turn   | Place    | Note
--------------------------------------------------------------
     0 | D:1      | Gorice the Felid Wanderer began the quest for the Orb.
     0 | D:1      | Gorice set off with: a potion of haste {!q}, 2 potions of curing, a meat ration {!e}
     0 | D:1      | Reached XP level 1. HP: 9/9 MP: 2/2
   260 | D:1      | Reached XP level 2. HP: 13/13 MP: 3/3
   460 | D:1      | Reached skill level 3 in Stealth
   464 | D:1      | Found an iron altar of Okawaru.
   870 | D:1      | Reached skill level 2 in Dodging
  1112 | D:1      | Reached XP level 3. HP: 9/16 MP: 4/4
  1177 | D:2      | HP: 3/16 [adder (3)]
  1179 | D:2      | HP: 1/16 [poisoned by an adder]
  1179 | D:2      | Slain by an adder

Vault maps used:
D:1:      minmay_arrival_stair_chambers, okawaru_ov_weapons_minmay
D:2:      uniq_crazy_yiuf_cottage, uniq_jessica

Action                   || total
-------------------------++-------
Melee: Unarmed           ||    38
  Use: Scroll            ||     3
 Stab: Sleeping          ||    15
  Eat: Chunk             ||     8

Table legend:
 A = Turns spent in this place as a percentage of turns spent in the entire game.
 B = Non-inter-level travel turns spent in this place as a percentage of non-inter-level travel turns spent in the entire game.
 C = Inter-level travel turns spent in this place as a percentage of turns spent in this place.
 D = Turns resting spent in this place as a percentage of non-inter-level travel turns spent in this place.
 E = Turns spent auto-exploring this place as a percentage of non-inter-level travel turns spent in this place.
 F = Non-inter-level travel turns spent in this place divided by the number of levels of this place that you've seen.
                   A       B       C       D       E      F
               +-------+-------+-------+-------+-------+----------------------
         Total | 100.0 | 100.0 |   0.4 |   2.2 |  11.6 | 138.0
       Dungeon | 100.0 | 100.0 |   0.4 |   2.2 |  11.6 | 138.0
               +-------+-------+-------+-------+-------+----------------------

Vault maps used:
D:1:      minmay_arrival_stair_chambers, okawaru_ov_weapons_minmay
D:2:      uniq_crazy_yiuf_cottage, uniq_jessica
